Map: Berlingrad LE

Players

Pumba - Winner!

  • Race: Protoss Protoss
  • League: Diamond
  • Spawn Location: 5:00

TossIsVeryEZ

  • Race: Zerg Zerg
  • League: Master
  • Spawn Location: 11:00

VOD

Have the link to the VOD?

Description

Time

  • Played on: March 15, 2022, 10:22 p.m.
  • Length: 8:40
Show
View Real Time Build Order
Export as new Build Order

Pumba Protoss - Winner!

Build Orders: 1 Gate Expand, Zealot Archon, Archon Drop, Dark Templar Rush 

Get SALT Encoding   

  12  0:00  Probe  
  13  0:13  Probe  
  14  0:20  Pylon  
  14  0:25  Probe  
  15  0:38  Probe (Chrono Boost)  
  15  0:39  Gateway  
  16  0:45  Assimilator  
  16  0:49  Probe (Chrono Boost)  
  17  0:54  Probe (Chrono Boost)  
  18  1:04  Probe  
  19  1:16  Probe  
  20  1:24  Nexus  
  20  1:33  Cybernetics Core  
  20  1:36  Cybernetics Core  
  20  1:38  Probe  
  21  1:43  Assimilator  
  21  1:51  Probe  
  22  1:54  Pylon  
  22  2:03  Probe  
  23  2:11  Adept (Chrono Boost)  
  23  2:15  Warp Gate, Probe  
  26  2:22  Twilight Council  
  26  2:32  Probe  
  27  2:38  Stalker (Chrono Boost)  
  27  2:42  Probe  
  29  2:46  Probe  
  30  2:54  Probe  
  31  2:59  Robotics Facility, Probe  
  32  3:06  Probe  
  32  3:11  Probe  
  32  3:19  Dark Shrine  
  32  3:21  Probe, Gateway  
  32  3:24  Probe  
  34  3:30  Gateway  
  34  3:33  Probe  
  35  3:37  Gateway  
  35  3:41  Probe  
  36  3:46  Probe  
  37  3:49  Warp Prism (Chrono Boost)  
  37  3:53  Probe  
  40  3:59  Probe  
  40  4:00  Pylon  
  41  4:04  Assimilator  
  41  4:05  Probe  
  41  4:09  Shield Battery  
  42  4:11  Adept  
  42  4:12  Assimilator  
  44  4:19  Probe x2  
  46  4:27  Pylon  
  46  4:31  Probe, Pylon  
  47  4:34  Probe  
  48  4:43  Probe  
  49  4:48  Dark Templar x4  
  49  4:51  Probe  
  58  5:05  Probe  
  59  5:18  Observer (Chrono Boost)  
  60  5:21  Charge, Pylon  
  60  5:28  Gateway  
  60  5:29  Archon x2  
  60  5:30  Gateway x2  
  60  5:31  Immortal (Chrono Boost)  
  60  5:33  Gateway  
  64  5:36  Gateway  
  64  5:40  Pylon  
  64  5:53  Nexus  
  64  6:02  Immortal (Chrono Boost)  
  68  6:19  Dark Templar x2  
  68  6:20  Dark Templar x2  
  68  6:24  Archon  
  68  6:25  Archon  
  76  6:33  Pylon  
  76  6:34  Pylon  
  76  6:35  Immortal (Chrono Boost)  
  76  6:36  Pylon  
  76  6:38  Pylon  
  80  6:57  Zealot x2, Dark Templar x2  
  80  6:58  Zealot  
  90  7:03  Pylon  
  90  7:07  Archon  
  90  7:20  Zealot x4  
  90  7:21  Zealot x2  
  102  7:33  Zealot  
  102  7:34  Zealot x2  
  108  7:56  Zealot x8  
  106  8:21  Zealot x8  
Show
View Real Time Build Order
Export as new Build Order

TossIsVeryEZ Zerg 

Build Orders: Hatch First 

Get SALT Encoding   

  12  0:02  Drone  
  13  0:16  Overlord  
  13  0:18  Drone  
  14  0:35  Drone x2  
  16  0:54  Hatchery  
  16  0:56  Drone  
  16  1:05  Drone x2  
  18  1:19  Extractor  
  18  1:20  Spawning Pool  
  16  1:30  Drone  
  16  1:32  Drone x2  
  19  1:55  Drone  
  20  2:08  Hatchery  
  20  2:09  Queen  
  20  2:10  Queen  
  20  2:14  Zergling x2  
  24  2:18  Zergling x2  
  25  2:25  Metabolic Boost  
  25  2:31  Overlord  
  25  2:33  Drone  
  26  2:37  Drone  
  26  2:41  Drone  
  28  2:55  Drone  
  28  2:56  Drone  
  28  2:57  Overlord  
  30  3:12  Spore Crawler, Drone x4  
  32  3:22  Drone x2  
  32  3:24  Queen  
  36  3:33  Drone  
  37  3:38  Drone  
  37  3:39  Overlord  
  37  3:41  Drone x2  
  40  3:50  Drone  
  40  3:52  Roach Warren  
  40  3:57  Overlord  
  40  3:58  Overlord  
  40  4:03  Drone x4  
  40  4:04  Drone  
  45  4:12  Drone  
  45  4:13  Drone x2  
  45  4:15  Extractor  
  47  4:17  Drone x3  
  47  4:18  Extractor  
  47  4:24  Spore Crawler  
  48  4:26  Spore Crawler x2  
  48  4:31  Queen  
  48  4:41  Queen  
  50  4:47  Drone x3  
  50  4:49  Drone  
  50  4:50  Lair  
  54  4:54  Overlord  
  52  5:00  Zergling x8  
  52  5:01  Zergling x2  
  52  5:05  Roach x2  
  59  5:18  Roach x5  
  69  5:30  Drone x3  
  69  5:31  Drone  
  69  5:33  Extractor  
  72  5:36  Drone  
  72  5:38  Evolution Chamber  
  72  5:45  Spore Crawler  
  72  5:49  Roach  
  73  5:52  Glial Reconstitution  
  73  5:54  Overseer x2  
  73  5:56  Overlord x3  
  68  6:13  Roach x3  
  68  6:14  Roach x2  
  78  6:23  Zerg Missile Weapons Level 1  
  78  6:26  Roach x3  
  78  6:27  Roach x5  
  78  6:30  Ravager x3  
  78  6:31  Ravager  
  98  6:40  Overlord x3  
  98  7:06  Hydralisk Den, Spore Crawler  
  96  7:11  Drone  
  96  7:12  Drone x3  
  96  7:13  Drone x10  
  96  7:14  Drone x3  
  113  7:18  Ravager x4  
  113  7:19  Ravager  
  118  7:27  Overlord  
  118  7:28  Overlord  
  118  7:31  Extractor  
  118  7:32  Extractor  
  116  7:40  Lurker Den  
  116  7:42  Drone x2  
  117  7:47  Roach x6  
  73  8:13  Roach  
  73  8:14  Roach x7  
  88  8:20  Roach x2  
  88  8:21  Roach x3  
Tags
 
Add a new tag
Caveats
  • Supply blocks, unpowered buildings, or Contaminate may cause inaccurate times.
  • Supply counts are checked every 10 seconds.